 Dungeon Crawl Stone Soup version 0.30-b1-2-g02819fbbbe (webtiles) character file.

Game seed: 16696017344375294266

468 Dirian the Chopper (level 6, 0/56 HPs)
             Began as a Minotaur Berserker on May 19, 2023.
             Was a Priest of Trog.
             Killed by divine providence
             ... invoked by an orc priest
              (12 damage)
             ... on level 5 of the Dungeon.
             The game lasted 00:04:11 (2582 turns).

Dirian the Chopper (Minotaur Berserker)             Turns: 2582, Time: 00:04:12

Health: 0/56       AC: 11    Str: 29    XL:     6   Next: 81%
Magic:  5/5        EV: 10    Int:  4    God:    Trog [***...]
Gold:   239        SH:  0    Dex: 10    Spells: 5/5 levels left

rFire   + . .        f - +1 war axe (freeze)
rCold   . . .        (no shield)
rNeg    . . .        z - +1 scale mail {rF+}
rPois   .            (helmet restricted)
rElec   .            (no cloak)
rCorr   .            A - +1 pair of gloves
SInv    .            d - +0 pair of boots
Will    .....        (no amulet) Stlth
                     p - +4 ring of slaying
HPRegen 0.29/turn    x - +6 ring of strength
MPRegen 0.09/turn

%: no passive effects
@: no status effects
A: horns 2, retaliatory headbutt
a: Renounce Religion, Berserk, Trog's Hand


You were on level 5 of the Dungeon.
You worshipped Trog.
Trog was most pleased with you.
You visited 1 branch of the dungeon, and saw 5 of its levels.

You collected 239 gold pieces.

Inventory:

Hand Weapons
 a - the +8 sling "Maugh" {flame, rElec rPois rC-}
   (You found it on level 4 of the Dungeon)

   rC:        It makes you vulnerable to cold.
   rElec:     It insulates you from electricity.
   rPois:     It protects you from poison.
 b - the +8 mace of Qentutoc {freeze, rF+ rN+ rCorr Stlth-}
   (You found it on level 4 of the Dungeon)

   rF:        It protects you from fire.
   rN:        It protects you from negative energy.
   rCorr:     It protects you from acid and corrosion.
   Stlth:     It makes you less stealthy.
 f - a +1 war axe of freezing (weapon)
Missiles
 c - a throwing net (quivered)
Armour
 d - a +0 pair of boots (worn)
 m - a +0 chain mail
 z - a +1 scale mail of fire resistance (worn)
 A - a +1 pair of gloves (worn)
Jewellery
 p - a +4 ring of slaying (left hand)
 u - a +4 ring of protection
 x - a +6 ring of strength (right hand)
Scrolls
 n - a scroll of enchant weapon
 t - a scroll of teleportation
Potions
 e - a potion of flight
 g - a potion of curing {unknown}
 h - 3 potions of haste
 i - a potion of lignification {unknown}
 k - a potion of invisibility {unknown}
 l - a potion of brilliance {unknown}
 o - a potion of ambrosia {unknown}
 v - a potion of heal wounds {unknown}


   Skills:
 + Level 5.4 Fighting
 + Level 7.3 Axes
 * Level 4.7 Armour
 - Level 2.1 Dodging


You had 5 spell levels left.
You didn't know any spells.
Your spell library was empty.

Dungeon Overview and Level Annotations

Branches:
Dungeon (5/15) Zot: 26817  Temple (0/1) D:4

Altars:
Gozag

Shops:
D:4 [


Innate Abilities, Weirdness & Mutations

You have a pair of horns on your head.
You reflexively headbutt those who attack you in melee.


Message History

Trog accepts your kill.
The orc priest begins to cast a cantrip, but forgets the words!
You barely miss the orc priest. You headbutt the orc priest!
The orc priest is heavily wounded.
The orc priest hits you with a +2 flail of protection!
You closely miss the orc priest.
You headbutt the orc priest, but do no damage.
The orc priest is heavily wounded.
The orc priest hits you with a +2 flail of protection.
You are too injured to fight recklessly!
You are too injured to fight recklessly!
You are too injured to fight recklessly!
You are too injured to fight recklessly!
You are too injured to fight recklessly!
You are too injured to fight recklessly!
You are too injured to fight recklessly!
You are too injured to fight recklessly!
You are too injured to fight recklessly!
You are too injured to fight recklessly!
You are too injured to fight recklessly!
You are too injured to fight recklessly!
An orc priest is nearby!
You hit the orc priest but do no damage.
The orc priest is heavily wounded.
The orc priest calls down the wrath of Beogh upon you.
Beogh smites you!
You hit the orc priest but do no damage.
Your headbutt misses the orc priest.
The orc priest is heavily wounded.
The orc priest hits you with a +2 flail of protection.
You barely miss the orc priest.
The orc priest is heavily wounded.
The orc priest invokes the aid of Beogh against you.
Beogh smites you!
* * * LOW HITPOINT WARNING * * *
You completely miss the orc priest. You headbutt the orc priest.
The orc priest is severely wounded.
The orc priest calls down the wrath of Beogh upon you.
Beogh smites you!
You die...

#####.#.....#.#
#.##....#.#
######.#####.#.#
..........###.#.#
#######.........#
#...###.### ##
#...###.###....
#.............#
#...###@###.#.
#...##.o)#
#...#.....#
...####...## ####
##.## #.# #.# #+#


You could see an orc priest.

Vanquished Creatures
  Sigmund (D:3)
  A scorpion (D:5)
  Terence (D:3)
  2 orc wizards
  4 gnolls (D:4)
  3 adders
  A worm (D:3)
  15 orcs
  6 ball pythons
  5 bats
  3 endoplasms
  2 giant cockroaches
  8 goblins
  9 hobgoblins
  11 jackals
  7 kobolds
  5 quokkas
  A frilled lizard (D:1)
  6 rats
91 creatures vanquished.

Notes
Turn   | Place    | Note
-------+----------+-------------------------------------------
     0 | D:1      | Dirian the Minotaur Berserker began the quest for the Orb.
     0 | D:1      | Reached XP level 1. HP: 19/19 MP: 0/0
    46 | D:1      | Reached skill level 4 in Axes
    46 | D:1      | Reached XP level 2. HP: 16/27 MP: 1/1
   756 | D:2      | Reached XP level 3. HP: 33/33 MP: 2/2
   822 | D:2      | Reached ** piety under Trog
  1411 | D:3      | Reached XP level 4. HP: 41/41 MP: 3/3
  1421 | D:3      | Reached skill level 5 in Axes
  1453 | D:3      | Noticed Sigmund
  1460 | D:3      | Killed Sigmund
  1461 | D:3      | Reached skill level 5 in Fighting
  1461 | D:3      | Reached skill level 6 in Axes
  1461 | D:3      | Reached XP level 5. HP: 40/48 MP: 4/4
  1509 | D:3      | Reached XP level 6. HP: 56/56 MP: 5/5
  1588 | D:3      | Reached *** piety under Trog
  1640 | D:3      | Noticed Terence
  1645 | D:3      | Killed Terence
  1976 | D:4      | Found a staircase to the Ecumenical Temple.
  2035 | D:4      | Identified the +8 sling "Maugh" {flame, rElec rPois rC-}
  2039 | D:4      | Identified the +0 helmet "Baedd" {Fly Int+4}
  2097 | D:4      | Found Sapiurch's Antique Armour Shop.
  2099 | D:4      | Identified the +8 mace of Qentutoc {freeze, rF+ rN+ rCorr
                  | Stlth-}
  2232 | D:4      | Found an opulent altar of Gozag.
  2403 | D:5      | Entered Level 5 of the Dungeon
  2458 | D:5      | Reached skill level 7 in Axes
  2582 | D:5      | Killed from afar by an orc priest

Illustrated notes

Levels and vault maps discovered:
D:1:      tarquinn_simple_flora_water_c, layout_loops_ring, skrybe_limestone_x
D:2:      layout_loops_ring
D:3:      layout_rooms, minmay_misc_feat_rugged, uniq_terence, uniq_sigmund
D:4:      layout_rooms, amcnicky_altar_gilded, minmay_temple_entry_ruins,
          serial_shops, shop
D:5:      layout_loops_corners, uniq_ijyb

Skill      XL: |  1  2  3  4  5  6 |
---------------+-------------------+-----
Axes           | 4 6 7 |  7.3
Fighting       | 4 5 |  5.4
Armour         | 3 4 |  4.7
Dodging        | |  2.1

Action                     |  1- 3 |  4- 6 || total
---------------------------+-------+-------++-------
  Melee: Hand axe          |    29 |       ||    29
         Headbutt          |     9 |    12 ||    21
         War axe           |    37 |    75 ||   112
         Punch             |       |     2 ||     2
    Use: Scroll            |       |     9 ||     9
 Armour: Animal skin       |    13 |       ||    13
         Ring mail         |       |    11 ||    11
         Scale mail        |       |    15 ||    15
  Dodge: Dodged            |    52 |    32 ||    84
